 Dungeon Crawl Stone Soup version 0.31-a0-331-geda263fcf1 (webtiles) character file.

Game seed: 18424877475003757394

80 Monkooky the Changeling (level 4, -1/34 HPs)
             Began as a Merfolk Shapeshifter on July 19, 2023.
             Slain by an orc priest
             ... wielding a +0 flail
              (5 damage)
             ... on level 2 of the Dungeon.
             The game lasted 00:01:50 (941 turns).

Monkooky the Changeling (Merfolk Shapeshifter)       Turns: 941, Time: 00:01:50

Health: -1/34      AC:  2    Str: 15    XL:     4   Next: 39%
Magic:  4/4        EV: 14    Int:  7    God:
Gold:   55         SH:  0    Dex: 16    Spells: 3/3 levels left

rFire   . . .        b - +2 whip (drain)
rCold   . . .        (no shield)
rNeg    . . .        a - +0 animal skin
rPois   .            (helmet currently unavailable)
rElec   .            (cloak currently unavailable)
rCorr   .            (gloves currently unavailable)
SInv    .            (boots currently unavailable)
Will    .....        (no amulet)
Stlth   +            (no ring)
HPRegen 0.25/turn    (no ring)
MPRegen 0.09/turn

%: no passive effects
@: beast-form
A: beast (slay +3), (nimble swimmer 2), mertail
a: Begin Untransformation


You were on level 2 of the Dungeon.
You were a hulking beast.
You visited 1 branch of the dungeon, and saw 2 of its levels.

You collected 55 gold pieces.

Inventory:

Hand Weapons
 b - a +2 whip of draining (weapon)
 f - a +1 dagger of flaming
 h - a +0 rapier
Missiles
 j - 3 curare-tipped darts
Armour
 a - a +0 animal skin (worn)
 i - a +0 helmet
Talismans
 c - a beast talisman
Scrolls
 d - a scroll of enchant weapon {unknown}
 e - 6 scrolls of identify {unknown}
 g - 3 scrolls of vulnerability {unknown}
 k - a scroll of teleportation {unknown}
 l - a scroll of amnesia {unknown}
Potions
 m - a potion of brilliance {unknown}
 n - a potion of curing


   Skills:
 + Level 2.8 Fighting
 * Level 4.1 Dodging
 - Level 3.2 Unarmed Combat
 + Level 4.4 Shapeshifting


You had 3 spell levels left.
You didn't know any spells.
Your spell library contained the following spells:

 Spells                   Type           Power      Damage    Failure   Level
 Stone Arrow              Conj/Erth      0%         3d7       80%         3
 Animate Armour           Summ/Erth      0%         N/A       99%         4
 Lehudib's Crystal Spear  Conj/Erth      0%         10d2      100%        8


Dungeon Overview and Level Annotations

Branches:
Dungeon (2/15)

Altars:


Innate Abilities, Weirdness & Mutations

You are a hulking beast.
Your limbs bulge with bestial killing power. (Slay +3)
((You are very nimble when in or above water. (Stealth+, EV+, Speed+++)))
Your lower body shifts to a powerful aquatic tail in water.


Message History

No target in view!
No target in view!
No target in view!
No target in view!
No target in view!
No target in view!
No target in view!
No target in view!
No target in view!
No target in view!
You see here a +0 robe.
m - a viscous puce potion
n - a potion of curing
Found a club.
An orc and an orc priest come into view.
An orc comes into view. It is wielding a +0 dagger.
The orc priest calls down the wrath of Beogh upon you.
Beogh smites you!
An orc comes into view. It is wielding a +0 dagger.
The orc priest calls down the wrath of Beogh upon you.
Beogh smites you! The orc closely misses you.
You are too injured to fight recklessly!
The orc shouts!
You whack the orc!
You kill the orc!
An orc wizard comes into view. It is wielding a +0 dagger.
The orc wizard shouts!
Things that are here:
a +0 dagger; an orc corpse The orc wizard gestures wildly while chanting.
The orc wizard flickers and vanishes!
Deactivating autopickup; reactivate with Ctrl-A.
You whack the orc!
You kill the orc!
The orc priest mumbles some strange prayers to Beogh against you.
Beogh smites you!
* * * LOW HITPOINT WARNING * * *
Unknown command.
The orc priest hits you with a +0 flail.
You die...

##### #.# #.#
#.# #.#
########.####
............#
#########.#.#
#.#.###########.
#.....).ho.o....
###.############
#)# #.# #.# #.#
#.# ..


You could see an orc priest and an orc.

Vanquished Creatures
  2 adders (D:2)
  3 gnolls (D:2)
  2 orcs (D:2)
  7 ball pythons (D:1)
  4 bats (D:1)
  An endoplasm (D:1)
  A giant cockroach (D:1)
  2 goblins
  2 hobgoblins
  2 kobolds
  A quokka (D:2)
  3 rats (D:1)
30 creatures vanquished.

Notes
Turn   | Place    | Note
-------+----------+-------------------------------------------
     0 | D:1      | Monkooky the Merfolk Shapeshifter began the quest for the
                  | Orb.
     0 | D:1      | Reached XP level 1. HP: 16/16 MP: 1/1
    99 | D:1      | Reached XP level 2. HP: 18/22 MP: 2/2
   542 | D:2      | Reached XP level 3. HP: 28/28 MP: 3/3
   633 | D:2      | Reached XP level 4. HP: 6/33 MP: 4/4
   941 | D:2      | Slain by an orc priest

Illustrated notes

Levels and vault maps discovered:
D:1:      eino_arrival_druids_welcome, layout_basic, minmay_misc_feat_enclosed,
          minmay_pentomino_s2
D:2:      layout_loops_ring, bh_walls_and_bars

Skill      XL: |  1  2  3  4 |
---------------+-------------+-----
Unarmed Combat | 3 |  3.2
Dodging        | 3 4 |  4.1
Fighting       | |  2.8
Shapeshifting  | |  4.4

Action                     |  1- 3 |  4- 6 || total
---------------------------+-------+-------++-------
  Melee: Unarmed           |    24 |     9 ||    33
         Dagger            |    27 |       ||    27
         Punch             |     1 |       ||     1
         Whip              |       |     8 ||     8
    Use: Potion            |     2 |       ||     2
   Stab: Sleeping          |     2 |       ||     2
 Armour: Animal skin       |     3 |       ||     3
         Skin              |    11 |     7 ||    18
  Dodge: Dodged            |    42 |     6 ||    48

Table legend: (Time is in decaauts)
 A = Elapsed time spent in this place.
 B = Non-inter-level travel time spent in this place.
 C = Inter-level travel time spent in this place.
 D = Time resting spent in this place.
 E = Time spent auto-exploring this place.
 F = Levels seen in this place.
 G = Mean time per level.
                   A        B        C        D        E       F      G
               +--------+--------+--------+--------+--------+-----+--------+
         Total |    935 |    900 |     35 |    117 |    598 |   2 |  467.5 |
       Dungeon |    935 |    900 |     35 |    117 |    598 |   2 |  467.5 |
               +--------+--------+--------+--------+--------+-----+--------+

Top non-repeatable levels by time:
     D:1: 534 daAuts
     D:2: 401 daAuts
